[Event "41st BAN National Women Chess-ch 2022"]
[Site "Dhaka"]
[Date "2022.11.20"]
[Round "4.1"]
[White "Khan, Nazrana"]
[Black "Jannatul, Ferdous"]
[Result "1-0"]
[ECO "D20"]
[WhiteElo "1908"]
[BlackElo "1861"]
[Annotator "TA"]
[PlyCount "111"]
[EventDate "2022.11.17"]
[EventCountry "BAN"]
[SourceTitle "playchess.com"]
[Source "ChessBase"]
[SourceQuality "1"]
[TimeControl "40/5400+30:1800+30"]

1. d4 d5 2. c4 dxc4 3. e3 Nf6 4. Bxc4 e5 5. Qb3 Qe7 6. dxe5 {[%emt 0:02:37] White is more active. D20: Queen's Gambit Accepted: 3 e3 and 3 e4.} Ng4 {[%emt 0:03:36] [#]} (6... Nfd7 $16) 7. Nf3 ({White should play} 7. f4 $1 $18) 7... Nc6 $11 8. O-O {[%emt 0:04:10][%cal Oe5e6] White is slightly better.} Ngxe5 9. Nxe5 Nxe5 {[%emt 0:00:22] [#]} 10. Be2 $146 ({Predecessor:} 10. f4 Nxc4 11. Qxc4 Be6 12. Qe2 Qc5 13. b3 O-O-O 14. Bb2 Bf5 15. Rc1 Qb6 16. Bd4 Rxd4 17. exd4 Qxd4+ {0-1 (25) Bayaraa,C (2061)-Doyle,B (2209) San Francisco 2016}) 10... Qb4 11. Nd2 Be6 12. Qxb4 (12. Qc2 $14) 12... Bxb4 13. a3 Be7 14. h3 (14. Nb1 $11) 14... f5 (14... O-O-O $17) 15. Nf3 Nxf3+ 16. Bxf3 O-O-O 17. e4 fxe4 18. Bxe4 Bd5 19. Bxd5 Rxd5 20. Be3 Bf6 21. Ra2 (21. Rab1 $11) 21... a5 22. b4 a4 23. g3 Rhd8 24. Kg2 Rd1 25. Rxd1 Rxd1 $15 {[%emt 0:00:03][%mdl 4096] Endgame KRB-KRB} 26. Rc2 Rd3 27. Bf4 c6 28. Bc1 Kd7 29. Kf1 Rc3 30. Rxc3 (30. Rd2+ $17 Ke6 31. Bb2) 30... Bxc3 $17 {[%emt 0:00:03] KB-KB} 31. Ke2 b5 (31... Bd4 $17) 32. Kd3 $1 $11 Bf6 33. g4 h6 34. f4 Kd6 35. g5 hxg5 36. fxg5 Ba1 37. Ke4 {[%emt 0:00:00] [#]} (37. g6 $11 {remains equal.}) 37... Ke6 ({Better is} 37... g6 $1 $17) 38. g6 Bf6 39. Kf4 Be5+ 40. Kg5 Bf6+ 41. Kg4 Kd5 42. h4 {[%emt 0:00:00][%cal Bh3h4,Bh4h5][%mdl 32] Threatens to win with Kf5.} Kc4 $2 (42... c5 $11) 43. h5 $18 Kb3 44. Kf5 Bc3 45. Ke6 Kc2 46. Bf4 {[%emt 0:00:00] White threatens Be5 and mate.} Kb3 47. h6 {[%emt 0:00:00] White mates.} gxh6 48. Be5 Bxe5 49. Kxe5 Kxa3 {[%emt 0:00:19] KP-KP} 50. g7 Kb2 51. g8=Q a3 52. Qg2+ Kb1 53. Qe4+ Kb2 54. Qe2+ Kb1 55. Kd4 a2 56. Kd3 {[%emt 0:00:00] Quite a comeback for White.  Weighted Error Value: White=0.18 (very precise) /Black=0.25 (precise)} 1-0

[Event "41st BAN National Women Chess-ch 2022"]
[Site "Dhaka"]
[Date "2022.11.20"]
[Round "4.2"]
[White "Hamid, Rani"]
[Black "Noshin, Anjum"]
[Result "1/2-1/2"]
[ECO "C54"]
[WhiteElo "1760"]
[BlackElo "1907"]
[Annotator "TA"]
[PlyCount "72"]
[EventDate "2022.11.17"]
[EventCountry "BAN"]
[SourceTitle "playchess.com"]
[Source "ChessBase"]
[SourceQuality "1"]
[TimeControl "40/5400+30:1800+30"]

1. e4 e5 2. Bc4 Nc6 3. Nf3 Bc5 4. O-O Nf6 5. d3 h6 6. c3 d6 ({Don't take} 6... d5 7. exd5 Ne7 8. Nxe5 $16) 7. a4 {[%emt 0:03:28] C54: Giuoco Piano: 4 c3 Nf6, main lines with 5 d4 and 5 d3.} a5 {[%emt 0:00:37] Inhibits b4.} 8. h3 O-O 9. Re1 Ba7 10. Na3 Ne7 11. Bb3 Ng6 12. d4 {[%emt 0:00:56] [#]} c6 $146 ({Predecessor:} 12... Re8 13. Bc2 Be6 14. Be3 Qc8 15. Kh2 c6 16. Qd2 Bb8 17. dxe5 d5 18. exd5 Bxd5 {0-1 (60) Lobanov,S (2504)-Najer,E (2661) Moscow 2019}) 13. dxe5 dxe5 14. Qxd8 Rxd8 15. Be3 {[%emt 0:00:25] Prevents Bb6.} Bxe3 16. Rxe3 b6 17. Ba2 Ba6 18. Nc4 Bxc4 19. Bxc4 Ra7 20. Rd3 Rxd3 21. Bxd3 Rd7 22. Bc2 c5 23. Kf1 Kf8 24. Ke1 (24. g3 $14) 24... Ke7 ({Black should play} 24... Nf4 $1 $11) 25. g3 $14 Ne8 26. h4 {[%emt 0:01:19][%cal Bh3h4,Bh4h5][%mdl 32] Hoping for h5.} f6 27. h5 Nf8 28. Nh4 Nd6 29. Rd1 Ne6 30. Ke2 c4 31. f3 ({Better is} 31. f4 $1 $14) 31... Nc5 32. Ng2 Kd8 33. Ne3 Kc7 34. Nd5+ Kc6 {[%emt 0:00:06] The position is equal.} 35. Ne3 Kc7 36. Nd5+ Kc6 {[%emt 0:00:04] Weighted Error Value: White=0.10 (very precise) /Black=0.09 (flawless)} 1/2-1/2

[Event "41st BAN National Women Chess-ch 2022"]
[Site "Dhaka"]
[Date "2022.11.20"]
[Round "4.3"]
[White "Ahmed, Walijah"]
[Black "Tasnia Tarannum, Orpa"]
[Result "1-0"]
[ECO "B04"]
[WhiteElo "1977"]
[BlackElo "1662"]
[Annotator "TA"]
[PlyCount "131"]
[EventDate "2022.11.17"]
[EventCountry "BAN"]
[SourceTitle "playchess.com"]
[Source "ChessBase"]
[SourceQuality "1"]
[TimeControl "40/5400+30:1800+30"]

1. e4 Nf6 2. e5 Nd5 3. d4 d6 4. Nf3 dxe5 5. Nxe5 c6 6. c4 Nb4 {[%emt 0:02:15][%cal Od8d4] White should prevent ...Qxd4! B04: Alekhine's Defence: 4 Nf3.} 7. Be3 {[%emt 0:06:18] a3 is the strong threat.} Bf5 $1 {[%emt 0:04:50] White must now prevent ...Nc2+.} 8. Nd3 (8. Na3 $11) 8... e6 (8... e5 $1 $15 9. Nxb4 Bxb4+ 10. Nc3 Qa5) 9. a3 Nxd3+ 10. Bxd3 Bxd3 11. Qxd3 {[%emt 0:00:07] [#]} Bd6 $146 ({Predecessor:} 11... Nd7 12. Nc3 Be7 13. O-O O-O 14. Rfd1 Nf6 15. b4 Qd7 16. Bf4 Bd6 17. Be5 Bxe5 18. dxe5 Qxd3 19. Rxd3 {1-0 (43) Ricci,M (2150)-Schwanengel,U (2103) Imperia 2006}) 12. Nc3 Nd7 13. O-O Rc8 (13... O-O {keeps more tension.} 14. Rad1 Qh4 15. h3 Rfd8) 14. Rfd1 Nf6 15. h3 (15. d5 $5 ) 15... h6 (15... O-O $11 {remains equal.}) 16. d5 $1 $16 cxd5 17. cxd5 Bb8 18. Qb5+ Qd7 19. dxe6 {[%emt 0:00:40] White is more active.} Qxb5 20. exf7+ Kxf7 21. Nxb5 a6 22. Nd6+ Bxd6 23. Rxd6 Rhe8 24. Rb6 Rc7 25. Rd1 {[%emt 0:01:30] Inhibits Nd5.} Re6 26. b4 Rxb6 27. Bxb6 Rd7 (27... Rc6 $16) 28. Rxd7+ $1 $18 Nxd7 {[%emt 0:00:02][%mdl 4096] Endgame KB-KN} 29. Bd4 h5 30. f4 g6 31. Kf2 Ke6 32. Ke3 Kd5 33. Kd3 ({White should play} 33. g4 $18) 33... Nf8 34. a4 (34. Bc3 $142) 34... Ne6 $16 35. Be3 b5 (35... b6 $16 36. b5 axb5) 36. a5 $18 Ng7 37. g4 hxg4 (37... Ne6 $142 38. f5 gxf5) 38. hxg4 Ne8 39. Bd4 $1 Nd6 40. Bg7 Nf7 {[%emt 0:07:49] [#]} 41. f5 $2 (41. Ke3 $1 $18 {aiming for f5.} Nd6 42. Kf3) 41... gxf5 $11 42. gxf5 Nd6 43. f6 Nf7 $1 44. Bf8 Ne5+ 45. Ke2 Ke4 46. Be7 Nf7 47. Kf2 Kf4 48. Bf8 Kf5 49. Ke3 {[%emt 0:00:00] Hoping for Kd4.} Ke5 ({Black should try} 49... Kxf6 $11 50. Kd4 Ke6) 50. Bg7 $14 {[%emt 0:00:00] White leaves nothing to chance now.} Kd5 51. Kf4 {[%emt 0:00:00] Strongly threatening Kf5.} Nd6 (51... Ke6 52. Ke4 Ne5) 52. Bf8 $18 {[%emt 0:00:00] Intending Bxd6 and mate.} Nf7 53. Kf5 Ne5 54. Be7 Nf7 55. Kg6 Ke6 56. Kg7 {[%emt 0:00:00] Threatens to win with Bc5.} Ne5 57. Kf8 $2 (57. Bc5 $18 Nf7 58. Be7) 57... Nd7+ $2 {[%emt 0:00:00][%mdl 8192] [#]} (57... Kd7 $16 58. Kg8 Ke6) 58. Ke8 $1 {[%emt 0:00:00] White threatens f7 and mate.} Nxf6+ 59. Bxf6 {[%emt 0:00:00] White mates.} Kxf6 {[%emt 0:00:00] KPP-KPP} 60. Kd7 Kf7 61. Kc6 Ke6 62. Kb6 Kd6 63. Kxa6 Kc6 64. Ka7 Kc7 65. a6 Kc8 66. Kb6 {[%emt 0:00:00] Weighted Error Value: White=0.33/Black=0.29 (precise)} 1-0

[Event "41st BAN National Women Chess-ch 2022"]
[Site "Dhaka"]
[Date "2022.11.20"]
[Round "4.4"]
[White "Kazi Zarin, Tasnim"]
[Black "Nusrat Jahan, Alo"]
[Result "0-1"]
[ECO "B13"]
[WhiteElo "1860"]
[BlackElo "1710"]
[Annotator "NA RC COMBH"]
[PlyCount "78"]
[EventDate "2022.11.17"]
[EventCountry "BAN"]
[SourceTitle "playchess.com"]
[Source "ChessBase"]
[SourceQuality "1"]
[TimeControl "40/5400+30:1800+30"]

1. e4 c6 2. d4 d5 3. exd5 cxd5 4. Bd3 Nf6 5. Bf4 Nc6 6. c3 a6 7. Nd2 e6 8. Ngf3 Bd6 9. Bxd6 Qxd6 10. Qe2 O-O 11. O-O b5 12. Ne5 Bb7 13. Nb3 Nd7 (13... Rfb8 $142) 14. Nxd7 ({Weaker is} 14. Qh5 g6 15. Qh3 Ndxe5 16. dxe5 Nxe5 $17) 14... Qxd7 15. Nc5 Qe7 16. a4 ({Don't do} 16. Qh5 g6 17. Qe2 b4 $14) (16. b4 $142) 16... b4 17. Nxa6 ({Don't play} 17. Qh5 g6 18. Qe2 Rfe8 $14) (17. f4 $16) 17... Bxa6 18. Bxa6 bxc3 19. bxc3 Qa7 20. Bd3 Na5 21. Bc2 Rfc8 22. Qd3 g6 23. f4 Qc7 24. Rf3 Rcb8 25. Raf1 Nc4 26. Rh3 Rb2 27. f5 $2 (27. g4 $11) 27... exf5 28. Qd1 Re8 29. Qc1 Re2 30. Qh6 Rbxc2 31. Qxh7+ Kf8 32. Rg3 Qd6 33. Qh6+ $19 Ke7 34. Qg5+ Qf6 35. Qf4 Qd6 $2 (35... Qe6 $19 36. Rh3 Nd2 37. Qc7+ Qd7 38. Qc5+ Qd6 39. Qxd6+ Kxd6) 36. Qg5+ $1 Kd7 $142 37. h4 (37. Qf4 Qxf4 38. Rxf4 Nd2) 37... Nd2 38. Rf4 Rc1+ 39. Kh2 Nf1+ 0-1

[Event "41st BAN National Women Chess-ch 2022"]
[Site "Dhaka"]
[Date "2022.11.20"]
[Round "4.5"]
[White "Warsia, Khusbu"]
[Black "Talukder, Umme Taslima Protiva"]
[Result "1-0"]
[ECO "B44"]
[WhiteElo "1540"]
[BlackElo "1780"]
[Annotator "NA RC COMBH"]
[PlyCount "78"]
[EventDate "2022.11.17"]
[EventCountry "BAN"]
[SourceTitle "playchess.com"]
[Source "ChessBase"]
[SourceQuality "1"]
[TimeControl "40/5400+30:1800+30"]

1. e4 c5 2. Nf3 e6 3. d4 cxd4 4. Nxd4 Nf6 5. Bd3 Nc6 6. Be3 d5 7. Nxc6 bxc6 8. e5 Nd7 9. Bf4 Qb6 10. Qc1 Qd4 11. O-O Nxe5 12. Bxe5 Qxe5 13. Re1 Qf6 14. c4 Bd7 15. cxd5 cxd5 16. Nc3 Be7 17. Qc2 g6 18. Qe2 Kf8 19. Qg4 Qh4 20. Qf3 Kg7 21. a3 Bf6 22. Rac1 Rhc8 23. Ba6 Rd8 24. b4 Qd4 25. Red1 Qb6 26. b5 Qa5 27. a4 Bc8 28. Qd3 Bxa6 29. bxa6 Rab8 30. Ne2 Rb6 31. Qg3 Rxa6 32. Nf4 Kg8 33. Nh5 Bh8 34. Rc7 Qxa4 35. Rdc1 Rf8 36. Rc8 Qa3 37. Qg5 Qd6 38. Nf6+ Bxf6 39. Qxf6 Rb6 1-0

[Event "41st BAN National Women Chess-ch 2022"]
[Site "Dhaka"]
[Date "2022.11.20"]
[Round "4.6"]
[White "Sabiha, Marjana"]
[Black "Wadifa, Ahmed"]
[Result "1-0"]
[ECO "A07"]
[WhiteElo "1267"]
[BlackElo "1656"]
[Annotator "NA RC COMBH"]
[PlyCount "135"]
[EventDate "2022.11.17"]
[EventCountry "BAN"]
[SourceTitle "playchess.com"]
[Source "ChessBase"]
[SourceQuality "1"]
[TimeControl "40/5400+30:1800+30"]

1. Nf3 d5 2. g3 c5 3. b3 Nf6 4. d3 Nc6 5. Bb2 g6 6. Bg2 Bg7 7. Nbd2 d4 8. c3 dxc3 9. Bxc3 O-O 10. Rc1 Qb6 11. Bxf6 Bxf6 12. Ne4 Bg7 13. Nxc5 Bh6 14. e3 Nb4 15. Qe2 Bf5 16. O-O Qb5 17. Rc4 Rac8 18. Nd4 Qxc5 19. Rxc5 Rxc5 20. Nxf5 Rxf5 21. Bxb7 Rb8 22. Be4 Ra5 23. a4 f5 24. Bf3 Rc5 25. d4 Rc2 26. Qd1 Rbc8 27. d5 Bg7 28. d6 Kf7 29. Bd5+ e6 30. Bc4 Rd8 31. Qf3 Rd7 32. Qa8 Rd2 33. Qb8 Nc6 34. Qa8 R2xd6 35. Bb5 Rd8 36. Qb7+ R8d7 37. Qa6 Nd4 38. Qc8 Nxb5 39. axb5 Rd8 40. Qc5 R8d7 41. Kg2 Rb6 42. Rc1 Rdb7 43. Qc8 Rxb5 44. Rc7+ Rxc7 45. Qxc7+ Kg8 46. Qc8+ Bf8 47. Qxe6+ Kh8 48. Qc4 Rb4 49. Qf7 Rb8 50. Qxa7 Rd8 51. Qb7 Bg7 52. b4 Rf8 53. b5 h6 54. b6 Be5 55. Qe7 Bg7 56. b7 f4 57. exf4 g5 58. f5 h5 59. f6 Rxf6 60. b8=Q+ Kh7 61. Qee8 h4 62. Qh5+ Rh6 63. Qxg5 h3+ 64. Kf1 Rf6 65. Qb7 Rg6 66. Qe4 Be5 67. Qexg6+ Kh8 68. Qg8# 1-0